[ PARTIDA AOE2 · #506200270 ]
UnrankedVikingos vs Burmese
Equipo del jugador · VICT
Equipo rival · DERR
[ ANÁLISIS DE REPETICIÓN · EXTRAÍDO DE LA PARTIDA GRABADA ]
Feudal
10:30
Castillos
20:37
Imperial
—
| APM promedio | 75.2 |
| APM pico | 124 |
| eAPM promedio | 30.6 |
| Aldeanos / militares | 134 / 112 |
Foco
⚔️ 27.7% · 🌾 72.3%
Spearman ×65 · Archer ×29 · Monk ×6 · Militia ×4 · Knight ×3 · Mangonel ×3
Feudal
8:51
Castillos
23:09
Imperial
—
| APM promedio | 43.2 |
| APM pico | 77 |
| eAPM promedio | 19.4 |
| Aldeanos / militares | 90 / 58 |
Foco
⚔️ 40.2% · 🌾 59.8%
Knight ×33 · Skirmisher ×9 · Scout Cavalry ×7 · Monk ×4 · Scorpion ×3 · Mangonel ×1
Mapa de la partida
Recursos iniciales + cada clic de construcción. Líneas = muros · curvas = relieve. ◆ oro · ⬟ piedra · ● bayas · ✦ reliquia · ◌ hueco del cierre
Tu base· ✓ Cerrada en 20:37 · 42t muro · 1 puerta(s)
Base de OIDA | Tasty· Abierta — flanco sin cerrar
Terreno inicial suavizado · ◌ = hueco del cierre detectado · pasá el cursor para detalles
Inputs por minuto
— Gil-galad - - OIDA | Tasty
Build order — Gil-galad
Primeras 150 de 358 acciones detectadas
| 0:00 | Crear | Villager (Male) |
| 0:00 | Crear | Villager (Male) |
| 0:01 | Crear | Villager (Male) |
| 0:02 | Construir | House |
| 0:02 | Construir | House |
| 0:09 | Crear | Villager (Male) |
| 1:24 | Crear | Villager (Male) |
| 1:49 | Crear | Villager (Male) |
| 1:49 | Crear | Villager (Male) |
| 2:04 | Construir | Lumber Camp |
| 2:29 | Crear | Villager (Male) |
| 2:54 | Crear | Villager (Male) |
| 2:54 | Crear | Villager (Male) |
| 3:08 | Crear | Villager (Male) |
| 3:38 | Crear | Villager (Male) |
| 3:52 | Construir | House |
| 4:05 | Crear | Villager (Male) |
| 4:05 | Crear | Villager (Male) |
| 4:21 | Construir | Barracks |
| 4:29 | Crear | Villager (Male) |
| 4:48 | Construir | House |
| 5:00 | Crear | Villager (Male) |
| 5:13 | Crear | Villager (Male) |
| 5:13 | Crear | Villager (Male) |
| 5:14 | Crear | Villager (Male) |
| 5:19 | Crear | Militia |
| 5:19 | Crear | Militia |
| 5:37 | Crear | Militia |
| 6:02 | Crear | Militia |
| 6:03 | Crear | Villager (Male) |
| 6:08 | Construir | Mill |
| 6:23 | Crear | Villager (Male) |
| 6:27 | Construir | House |
| 6:56 | Crear | Villager (Male) |
| 7:22 | Crear | Villager (Male) |
| 7:26 | Investigar | Loom |
| 7:29 | Construir | Farm |
| 8:16 | Investigar | Feudal Age |
| 8:16 | Investigar | Feudal Age |
| 8:38 | Crear | Villager (Male) |
| 8:44 | Construir | Palisade Wall |
| 8:49 | Construir | Palisade Wall |
| 8:56 | Construir | House |
| 9:12 | Construir | Palisade Wall |
| 9:15 | Construir | Palisade Wall |
| 9:53 | Construir | Mining Camp |
| 9:58 | Construir | Mining Camp |
| 10:18 | Crear | Villager (Male) |
| 10:30 | Edad | Edad Feudal |
| 10:32 | Crear | Spearman |
| 10:33 | Construir | Archery Range |
| 10:36 | Investigar | Double-Bit Axe |
| 10:44 | Construir | House |
| 10:50 | Crear | Villager (Male) |
| 10:55 | Investigar | Horse Collar |
| 11:03 | Crear | Spearman |
| 11:05 | Crear | Villager (Male) |
| 11:31 | Construir | Farm |
| 11:34 | Crear | Archer |
| 11:56 | Crear | Villager (Male) |
| 11:57 | Crear | Spearman |
| 12:01 | Construir | Farm |
| 12:11 | Construir | Palisade Wall |
| 12:14 | Construir | House |
| 12:17 | Crear | Villager (Male) |
| 12:18 | Crear | Archer |
| 12:29 | Crear | Villager (Male) |
| 12:41 | Construir | Palisade Wall |
| 12:50 | Construir | Palisade Wall |
| 12:53 | Construir | Farm |
| 12:54 | Crear | Archer |
| 13:02 | Crear | Villager (Male) |
| 13:15 | Crear | Villager (Male) |
| 13:19 | Construir | Farm |
| 13:30 | Construir | Farm |
| 13:31 | Crear | Archer |
| 13:31 | Crear | Villager (Male) |
| 13:34 | Construir | Farm |
| 13:44 | Construir | Palisade Gate |
| 13:53 | Crear | Villager (Male) |
| 13:55 | Crear | Archer |
| 14:13 | Construir | Blacksmith |
| 14:23 | Crear | Villager (Male) |
| 14:29 | Crear | Archer |
| 14:48 | Crear | Villager (Male) |
| 14:50 | Construir | Farm |
| 14:51 | Construir | Farm |
| 14:51 | Construir | Farm |
| 15:03 | Investigar | Fletching |
| 15:03 | Investigar | Fletching |
| 15:19 | Crear | Villager (Male) |
| 15:30 | Construir | Farm |
| 15:32 | Construir | Farm |
| 15:34 | Construir | Farm |
| 15:36 | Construir | Farm |
| 15:37 | Construir | Farm |
| 15:41 | Construir | Farm |
| 15:44 | Crear | Villager (Male) |
| 15:45 | Crear | Archer |
| 15:47 | Construir | House |
| 15:59 | Construir | House |
| 16:48 | Crear | Villager (Male) |
| 17:08 | Construir | Market |
| 17:14 | Crear | Villager (Male) |
| 17:15 | Crear | Archer |
| 17:23 | Construir | Farm |
| 17:36 | Construir | Lumber Camp |
| 17:53 | Construir | Farm |
| 17:57 | Investigar | Castle Age |
| 17:58 | Investigar | Castle Age |
| 18:11 | Construir | Archery Range |
| 18:18 | Investigar | Gold Mining |
| 18:36 | Construir | House |
| 18:41 | Crear | Archer |
| 18:42 | Crear | Villager (Male) |
| 18:48 | Investigar | Padded Archer Armor |
| 18:57 | Crear | Villager (Male) |
| 19:20 | Crear | Villager (Male) |
| 19:21 | Crear | Archer |
| 19:22 | Crear | Archer |
| 19:38 | Construir | Palisade Wall |
| 19:50 | Crear | Archer |
| 19:52 | Crear | Archer |
| 20:29 | Crear | Villager (Male) |
| 20:35 | Construir | Stable |
| 20:37 | Edad | Edad de los Castillos |
| 20:41 | Investigar | Crossbowman (upgrade) |
| 20:42 | Investigar | Bodkin Arrow |
| 21:00 | Construir | Town Center |
| 21:16 | Construir | University |
| 21:38 | Construir | Siege Workshop |
| 21:39 | Crear | Villager (Male) |
| 21:39 | Crear | Archer |
| 21:40 | Crear | Archer |
| 21:44 | Crear | Knight |
| 21:46 | Investigar | Scale Barding Armor |
| 21:57 | Crear | Villager (Male) |
| 22:05 | Crear | Villager (Male) |
| 22:12 | Crear | Archer |
| 22:14 | Crear | Knight |
| 22:18 | Crear | Villager (Male) |
| 22:33 | Investigar | Ballistics |
| 22:44 | Crear | Knight |
| 22:45 | Crear | Villager (Male) |
| 22:54 | Crear | Villager (Male) |
| 23:16 | Crear | Battering Ram |
| 23:16 | Crear | Villager (Male) |
| 23:27 | Crear | Villager (Male) |
| 23:28 | Construir | Monastery |
| 23:29 | Crear | Villager (Male) |
Build order — OIDA | Tasty
Primeras 150 de 245 acciones detectadas
| 0:00 | Crear | Villager (Male) ×4 |
| 0:02 | Construir | House |
| 0:02 | Construir | House |
| 1:28 | Crear | Villager (Male) |
| 1:52 | Crear | Villager (Male) |
| 2:31 | Crear | Villager (Male) |
| 2:43 | Crear | Villager (Male) |
| 2:49 | Construir | Lumber Camp |
| 2:57 | Crear | Villager (Male) |
| 3:31 | Construir | House |
| 3:35 | Crear | Villager (Male) |
| 4:09 | Crear | Villager (Male) |
| 4:09 | Crear | Villager (Male) |
| 4:24 | Crear | Villager (Male) |
| 4:25 | Crear | Villager (Male) |
| 5:15 | Crear | Villager (Male) |
| 5:17 | Construir | Mill |
| 5:30 | Investigar | Loom |
| 6:28 | Investigar | Feudal Age |
| 6:56 | Construir | House |
| 7:51 | Crear | Villager (Male) |
| 8:01 | Construir | Palisade Wall |
| 8:03 | Construir | Palisade Wall |
| 8:09 | Crear | Villager (Male) |
| 8:17 | Construir | Barracks |
| 8:51 | Edad | Edad Feudal |
| 8:53 | Crear | Villager (Male) |
| 9:37 | Crear | Villager (Male) |
| 9:42 | Construir | Stable |
| 9:48 | Crear | Villager (Male) |
| 10:00 | Construir | House |
| 10:20 | Crear | Villager (Male) |
| 10:26 | Crear | Scout Cavalry |
| 10:27 | Crear | Scout Cavalry |
| 10:36 | Crear | Villager (Male) |
| 10:48 | Crear | Spearman |
| 10:50 | Crear | Villager (Male) |
| 10:52 | Construir | House |
| 10:54 | Construir | Palisade Wall |
| 11:00 | Crear | Villager (Male) |
| 11:04 | Crear | Scout Cavalry |
| 11:26 | Investigar | Horse Collar |
| 11:41 | Crear | Villager (Male) |
| 11:50 | Crear | Villager (Male) |
| 12:06 | Construir | Farm |
| 12:07 | Crear | Villager (Male) |
| 12:14 | Crear | Villager (Male) |
| 12:29 | Construir | Farm |
| 12:33 | Crear | Scout Cavalry |
| 12:42 | Construir | House |
| 12:49 | Crear | Villager (Male) |
| 12:52 | Construir | Farm |
| 13:09 | Construir | Farm |
| 13:12 | Construir | Farm |
| 13:19 | Crear | Scout Cavalry |
| 13:23 | Construir | House |
| 13:26 | Crear | Villager (Male) |
| 13:30 | Construir | Farm |
| 13:34 | Construir | Farm |
| 14:03 | Crear | Villager (Male) |
| 14:15 | Construir | Archery Range |
| 14:18 | Crear | Villager (Male) |
| 14:19 | Construir | Farm |
| 14:28 | Construir | Palisade Wall |
| 14:35 | Construir | Palisade Wall |
| 14:44 | Crear | Villager (Male) |
| 14:48 | Crear | Scout Cavalry |
| 15:12 | Crear | Villager (Male) |
| 15:19 | Construir | Archery Range |
| 15:27 | Crear | Scout Cavalry |
| 15:28 | Crear | Villager (Male) |
| 15:39 | Construir | Palisade Wall |
| 15:48 | Construir | Farm |
| 15:51 | Construir | Farm |
| 15:52 | Construir | Farm |
| 15:55 | Construir | Blacksmith |
| 15:56 | Crear | Skirmisher |
| 15:56 | Crear | Skirmisher |
| 16:03 | Construir | Farm |
| 16:08 | Crear | Villager (Male) |
| 16:24 | Construir | Mining Camp |
| 16:28 | Construir | House |
| 16:39 | Crear | Villager (Male) |
| 16:56 | Crear | Skirmisher |
| 16:58 | Construir | Farm |
| 17:00 | Construir | Farm |
| 17:02 | Crear | Skirmisher |
| 17:07 | Construir | House |
| 17:08 | Construir | House |
| 17:14 | Construir | Farm |
| 17:29 | Investigar | Fletching |
| 17:33 | Investigar | Wheelbarrow |
| 17:49 | Crear | Skirmisher |
| 17:54 | Construir | Farm |
| 18:01 | Construir | House |
| 18:06 | Construir | House |
| 18:14 | Construir | House |
| 18:15 | Crear | Skirmisher |
| 18:25 | Crear | Villager (Male) |
| 18:36 | Construir | Farm |
| 18:41 | Construir | House |
| 18:45 | Construir | Farm |
| 19:11 | Crear | Skirmisher |
| 19:15 | Construir | Market |
| 19:18 | Crear | Villager (Male) |
| 19:48 | Crear | Villager (Male) |
| 20:29 | Investigar | Castle Age |
| 20:32 | Crear | Skirmisher |
| 20:32 | Crear | Skirmisher |
| 20:39 | Construir | House |
| 20:43 | Crear | Villager (Male) |
| 20:57 | Crear | Villager (Male) |
| 21:00 | Construir | Stone Wall |
| 21:02 | Construir | Stone Wall |
| 21:12 | Investigar | Gold Mining |
| 21:43 | Investigar | Scale Barding Armor |
| 21:44 | Investigar | Bloodlines |
| 21:47 | Construir | Stable |
| 22:35 | Construir | Stable |
| 22:45 | Construir | Watch Tower |
| 23:09 | Edad | Edad de los Castillos |
| 23:13 | Investigar | Chain Barding Armor |
| 23:13 | Crear | Villager (Male) |
| 23:22 | Construir | House |
| 23:33 | Crear | Knight |
| 23:33 | Crear | Knight |
| 23:37 | Crear | Knight |
| 23:39 | Crear | Villager (Male) |
| 23:47 | Crear | Villager (Male) |
| 24:14 | Crear | Villager (Male) |
| 24:26 | Crear | Knight ×2 |
| 24:29 | Crear | Villager (Male) |
| 24:35 | Crear | Villager (Male) |
| 24:38 | Construir | Mining Camp |
| 24:40 | Crear | Villager (Male) |
| 25:08 | Crear | Villager (Male) |
| 25:35 | Crear | Villager (Male) |
| 25:36 | Crear | Knight |
| 25:40 | Construir | Farm |
| 25:41 | Construir | Farm |
| 25:41 | Crear | Villager (Male) |
| 25:48 | Construir | Stone Wall |
| 25:53 | Crear | Knight |
| 25:53 | Crear | Knight |
| 25:57 | Construir | Monastery |
| 25:59 | Crear | Villager (Male) |
| 26:18 | Crear | Knight |
| 26:29 | Investigar | Husbandry |
| 26:30 | Crear | Villager (Male) |
| 26:41 | Investigar | Devotion |
Cronología de la partida
| 4:21 | Gil-galad · first_building Barracks |
| 8:01 | OIDA | Tasty · wall_segment Palisade Wall x1 |
| 8:03 | OIDA | Tasty · wall_segment Palisade Wall x1 |
| 8:17 | OIDA | Tasty · first_building Barracks |
| 8:44 | Gil-galad · wall_segment Palisade Wall x6 |
| 8:49 | Gil-galad · wall_segment Palisade Wall x6 |
| 8:51 | OIDA | Tasty · age_up feudal |
| 9:12 | Gil-galad · wall_segment Palisade Wall x4 |
| 9:15 | Gil-galad · wall_segment Palisade Wall x1 |
| 9:42 | OIDA | Tasty · first_building Stable |
| 10:30 | Gil-galad · age_up feudal |
| 10:33 | Gil-galad · first_building Archery Range |
| 10:54 | OIDA | Tasty · wall_segment Palisade Wall x1 |
| 12:11 | Gil-galad · wall_segment Palisade Wall x7 |
| 12:41 | Gil-galad · wall_segment Palisade Wall x3 |
| 12:50 | Gil-galad · wall_segment Palisade Wall x14 |
| 14:15 | OIDA | Tasty · first_building Archery Range |
| 14:28 | OIDA | Tasty · wall_segment Palisade Wall x13 |
| 14:35 | OIDA | Tasty · wall_segment Palisade Wall x8 |
| 15:39 | OIDA | Tasty · wall_segment Palisade Wall x5 |
| 19:38 | Gil-galad · wall_segment Palisade Wall x1 |
| 20:24 | OIDA | Tasty · first_market_sell 100 wood |
| 20:25 | OIDA | Tasty · first_market_buy 100 food |
| 20:35 | Gil-galad · first_building Stable |
| 20:37 | Gil-galad · age_up castle |
| 21:00 | OIDA | Tasty · wall_segment Stone Wall x2 |
| 21:02 | OIDA | Tasty · wall_segment Stone Wall x6 |
| 21:38 | Gil-galad · first_building Siege Workshop |
| 22:17 | Gil-galad · first_market_sell 100 food |
| 23:09 | OIDA | Tasty · age_up castle |
| 23:28 | Gil-galad · first_building Monastery |
| 25:48 | OIDA | Tasty · wall_segment Stone Wall x5 |
| 25:57 | OIDA | Tasty · first_building Monastery |
| 26:24 | Gil-galad · first_market_buy 100 wood |
| 31:09 | OIDA | Tasty · first_building Siege Workshop |
| 34:32 | Gil-galad · first_building Castle |
| 35:38 | OIDA | Tasty · resign |
[ ANÁLISIS IA · 1 CRÉDITO ]
¿Qué pasó realmente en esta partida?
Wolo.gg analiza cada decisión: build order, eco, micro, errores típicos por bracket. Análisis personalizado por WhatsApp o Discord en 30 segundos.
Guía civ
Vikingos
Perfil
Jugador #322559